 Dungeon Crawl Stone Soup version 0.25-a0-510-ge065f6de7d (webtiles) character file.

Game seed: 14608264179902075337, levelgen mode: deterministic

51 Gargoyl the Skirmisher (level 3, 0/31 HPs)
             Began as a Centaur Abyssal Knight on Feb 15, 2020.
             Was a Follower of Lugonu.
             Succumbed to a kobold's poison
             ... on level 2 of the Dungeon.
             The game lasted 00:03:36 (1427 turns).

Gargoyl the Skirmisher (Centaur Abyssal Knight)     Turns: 1427, Time: 00:03:37

Health: 0/31       AC: 14    Str: 14    XL:     3   Next: 57%
Magic:  4/4        EV:  2    Int: 11    God:    Lugonu [*.....]
Gold:   89         SH:  0    Dex:  9    Spells: 2/2 levels left

rFire    . . .     SeeInvis .   a - +2 hand axe
rCold    + . .     Gourm    .   (no shield)
rNeg     . . .     Faith    .   j - +0 chain mail
rPois    .         Spirit   +   (no helmet)
rElec    .         Reflect  .   (no cloak)
rCorr    .         Harm     .   (no gloves)
MR       .....                  e - +2 centaur barding
Stlth    ..........             g - amulet of guardian spirit
HPRegen  0.10/turn              d - ring of attention (curse)
MPRegen  0.09/turn              f - ring of protection from cold

@: lethally poisoned (0 -> -15), hasted, invisible, very quick
A: large, hooves 3, deformed body, speed 2, tough skin 3
a: Depart the Abyss, Renounce Religion


You were on level 2 of the Dungeon.
You worshipped Lugonu.
Lugonu was aware of your devotion.
You were not hungry.

You visited 1 branch of the dungeon, and saw 2 of its levels.
You visited the Abyss 1 time.

You collected 89 gold pieces.

Inventory:

Hand Weapons
 a - a +2 hand axe (weapon)
Missiles
 i - 7 javelins (quivered)
Armour
 e - a +2 centaur barding (worn)
 j - a +0 chain mail (worn)
Jewellery
 b - a cursed ring of teleportation {unknown}
 d - a cursed ring of attention (left hand)
 f - a ring of protection from cold (right hand)
 g - an amulet of guardian spirit (around neck)
Comestibles
 c - 2 rations


   Skills:
 + Level 3.4 Fighting
 + Level 2.2 Axes
 * Level 1.9 Armour
 * Level 1.1 Dodging
 * Level 2.3 Invocations


You had 2 spell levels left.
You didn't know any spells.
Your spell library was empty.

Dungeon Overview and Level Annotations

Branches:
Dungeon (2/15)

Altars:


Innate Abilities, Weirdness & Mutations

You have hooves in place of feet.
Armour fits poorly on your strangely shaped body.
You cover ground very quickly.
You have extremely tough skin. (AC +3)


Message History

You see here a bat corpse.
* * * LOW HITPOINT WARNING * * *
You feel sick.
Things that are here:
a +0 dagger of venom; a stone
* * * LOW HITPOINT WARNING * * *
You feel sick.
You see here a stone.
A bat comes into view.
* * * LOW HITPOINT WARNING * * *
You feel sick.
* * * LOW HITPOINT WARNING * * *
You feel sick.
You see here an emerald potion.
h - an emerald potion
* * * LOW HITPOINT WARNING * * *
You feel sick.
It was a potion of invisibility.
You fade into invisibility!
You die...

########
#.@....#
#.....#...
#.b#.##
#########...##
#....†.)(..##
#.#######...#
#.# #..#.# #.#
#..##.# #÷##
#... .b#


You could see a bat.

Vanquished Creatures
  An adder (D:2)
  4 giant cockroaches
  6 goblins
  A hobgoblin (D:1)
  4 jackals (D:2)
  6 kobolds
  2 quokkas (D:2)
  3 ball pythons (D:2)
  6 bats
  5 rats
38 creatures vanquished.

Notes
Turn   | Place    | Note
-------+----------+-------------------------------------------
     0 | Abyss:1  | Gargoyl the Centaur Abyssal Knight began the quest for the
                  | Orb.
     0 | Abyss:1  | Reached XP level 1. HP: 19/19 MP: 2/2
    57 | Abyss:1  | Noticed a small abomination
    83 | Abyss:1  | Noticed an iron imp
    95 | Abyss:1  | Found a corrupted altar of Lugonu.
   114 | Abyss:1  | Noticed a wretched star
   115 | D:1      | Escaped the Abyss
   318 | D:1      | Reached XP level 2. HP: 19/26 MP: 3/3
   437 | D:1      | Reached * piety under Lugonu
   796 | D:2      | Reached skill level 1 in Dodging
  1070 | D:2      | Reached XP level 3. HP: 31/31 MP: 4/4
  1426 | D:2      | HP: 1/31 [poisoned by a kobold]
  1427 | D:2      | Succumbed to a kobold's poison

Levels and vault maps discovered:
D:1:      dpeg_arrival_shelter, layout_rooms
D:2:      layout_loops_corners, kennysheep_nub, minmay_pentomino_pile

Skill      XL: |  1  2 |
---------------+-------+-----
Axes           | 2 |  2.2
Dodging        | 1 |  1.1
Fighting       | |  3.4
Armour         | |  1.9
Invocations    | |  2.3

Action                   || total
-------------------------++-------
Melee: Hand axe          ||    99
       Kick              ||     4
Invok: Depart the Abyss  ||     1
  Use: Scroll            ||     5
       Potion            ||     3
  Eat: Chunk             ||     1
Armor: Leather armour    ||    22
       Chain mail        ||    64
Dodge: Dodged            ||    23

Table legend:
 A = Non-vault XP
 B = Vault XP
 C = Vault XP percentage of total XP
 D = Non-vault monster count
 E = Vault monster count
 F = Vault count percentage of total count
                 A         B        C        D         E       F
            +---------+---------+-------+---------+---------+-------
      Total |      67 |       6 |   8.2 |      34 |       4 |  10.5
            +---------+---------+-------+---------+---------+-------
        D:1 |      26 |       0 |   0.0 |      17 |       0 |   0.0
        D:2 |      41 |       6 |  12.8 |      17 |       4 |  19.0
            +---------+---------+-------+---------+---------+-------
